[Event "4NCL 2023-2024"]
[Site "Daventry"]
[Date "2024.05.06"]
[Round "11.20"]
[White "Fernandez, Daniel Howard"]
[Black "Kirk, Ezra"]
[Result "1/2-1/2"]
[ECO "A49"]
[WhiteElo "2526"]
[BlackElo "2393"]
[Annotator "TA"]
[PlyCount "79"]
[EventDate "2023.11.11"]
[EventType "team-tourn"]
[EventCountry "ENG"]
[SourceTitle "playchess.com"]
[Source "ChessBase"]
[SourceQuality "1"]
[TimeControl "40/6000+30:3000+30"]

1. Nf3 Nf6 2. g3 g6 3. Bg2 Bg7 4. O-O O-O 5. d4 d6 6. Nc3 d5 7. Re1 c5 8. dxc5 Nc6 (8... Na6 $14 {was preferrable.}) 9. Bf4 (9. Nd4 $16) 9... d4 (9... Qa5 $11) 10. Nb5 Nd5 11. Bc1 {[%emt 0:01:39][%cal Rf3d4] White is more active.} (11. Nfxd4 $2 Nxd4 $19) 11... Nc7 12. Nxc7 Qxc7 13. Bd2 {[%emt 0:00:08] Wards off Qa5} Bf5 14. Qc1 Rfd8 15. c3 Rac8 16. b4 a6 17. Nh4 Be6 {[%emt 0:00:00] [#]} 18. a3 $1 Qe5 19. Bxc6 bxc6 20. Nf3 Qh5 {[%emt 0:00:00] aiming for ...d3.} 21. cxd4 Bxd4 22. Bc3 Bxc3 23. Qxc3 Bd5 (23... Qd5 $16) 24. Rad1 $18 f6 25. Rd4 g5 {[%emt 0:00:00] Repels Rh4} 26. Nd2 e5 (26... Qh3 {was worth a try.} 27. e4 Bf7) 27. Rd3 e4 28. Rd4 (28. Nxe4 Bxe4 29. Rxd8+ Rxd8 $17) 28... f5 29. f3 $2 (29. Nc4 $18) 29... exf3 $16 30. exf3 Re8 {[%emt 0:00:18] Dodges Re7} 31. Rxe8+ Rxe8 32. Qd3 {[%emt 0:04:31] Dodges Re2} (32. h4 {simplifies} h6 33. Qd3 Qf7 34. hxg5 hxg5 35. g4) 32... Re1+ 33. Kf2 Qe8 (33... Ra1 {simplifies} 34. h4 Qe8 35. Qe2 Qxe2+ 36. Kxe2 gxh4 37. gxh4 Rxa3 38. Nc4 Bxf3+ 39. Kf2 Rc3) 34. Nf1 {[%emt 0:02:13][%cal Od3d2] Hoping for Qd2!} (34. Qxf5 $2 Qe2#) 34... Ra1 $1 35. Rxd5 (35. Qxf5 $2 Qe1+ 36. Kg2 Qxf1#) (35. Qc3 $1 $14 Rb1 36. Qd2) 35... Qe1+ $11 36. Kg1 cxd5 37. c6 (37. Qxd5+ $11 Kg7 38. Qb7+ Kf8 39. Qc8+ (39. Qxa6 f4 $11) 39... Kg7 40. Qb7+ Kf8 41. Qc8+ (41. Qxa6 Qd1 $11) 41... Kg7 42. Qb7+) 37... Qd1 ({Black should play} 37... Rc1 $17 {White must now prevent ...Qd1.} 38. Qxd5+ Kg7 39. Qd4+ Kf7 40. Qd7+ Kf6 41. Qd4+ Ke6) 38. Qxa6 $2 {[%emt 0:03:03][%mdl 8192] [#]} (38. c7 $1 $11 Qxd3 39. c8=Q+ Kf7 40. Qc7+ Kg6 41. Qc6+ Kg7 42. Qb7+ Kg6 (42... Kf6 43. Qc6+ Ke7 44. Qc7+ Ke6 45. Qb6+ Kf7 46. Qb7+ Kg6 47. Qc6+ Kf7 48. Qd7+ Kf8 49. Qc8+ Kf7 50. Qd7+ Kf6 51. Qd6+ Kf7 52. Qd7+ $11) 43. Qc6+ Kf7 44. Qd7+ Kf6 45. Qd8+ Kf7 46. Qc7+ Kg8 47. Qd8+ Kf7 48. Qd7+ Kf6 49. Qd6+ Kf7 50. Qd7+) 38... Qxf3 $2 (38... Kg7 $1 $19 {( -> ...Qd4+)} 39. Qa7+ (39. c7 {leads to mate.} Qd4+ 40. Kh1 Qf2 41. h4 Ra2) 39... Kf6) 39. c7 $1 {[%emt 0:01:03] Some like it hot} Qe3+ ({Worse is} 39... Rxa3 40. c8=Q+ (40. c8=R+ Kf7 41. Rc7+ Kg8 42. Qc8#) 40... Kg7 41. Qd7+ Kh8 42. Qac8#) 40. Kh1 {[%emt 0:00:24] Blacks defense is rewarded with a draw.   Weighted Error Value: White=0.32/Black=0.41.  Loses game:     	White=1     	---        Missed win:     	White=1     	Black=1      Mistake:       	White=3     	Black=5      Inaccurate:     	White=1     	Black=4      OK:         	White=12    	Black=10     Best:        	White=3     	Black=2      Strong:       	White=2     	Black=1} 1/2-1/2

[Event "4NCL 2023-2024"]
[Site "Daventry"]
[Date "2024.05.06"]
[Round "11.21"]
[White "Boswell, Jacob Connor"]
[Black "Ghasi, Ameet K"]
[Result "0-1"]
[ECO "E67"]
[WhiteElo "2252"]
[BlackElo "2491"]
[Annotator "TA"]
[PlyCount "146"]
[EventDate "2023.11.11"]
[EventType "team-tourn"]
[EventCountry "ENG"]
[SourceTitle "playchess.com"]
[Source "ChessBase"]
[SourceQuality "1"]
[TimeControl "40/6000+30:3000+30"]

1. d4 Nf6 2. c4 g6 3. Nf3 Bg7 4. g3 O-O 5. Bg2 d6 6. O-O Nbd7 7. Nc3 e5 8. Qc2 exd4 9. Nxd4 Nb6 10. Rd1 Nxc4 11. Ncb5 a6 12. Qxc4 axb5 13. Nxb5 Ne8 {[%emt 0:00:31] E67: King's Indian: Fianchetto: 6...Nbd7.} 14. Qb4 Qe7 15. Be3 Bd7 $146 ({Predecessor:} 15... c6 16. Nc3 Be6 17. a4 Nf6 18. Bf4 Ne8 19. a5 Ra6 20. e4 Qc7 21. Be3 Nf6 {0-1 Lerner,K (2530)-Yermolinsky,A (2445) Agzamov Memorial 1986 (5)}) 16. Nc3 Bc8 17. Nd5 Qd8 18. Qd2 c6 19. Nb6 Ra6 20. Nxc8 Qxc8 21. a3 Qa8 22. Bg5 f5 23. e4 fxe4 24. Bxe4 Ra4 25. Bc2 Ra5 26. Bh6 Bxh6 27. Qxh6 Qa7 28. Bb3+ d5 29. Rd2 Nf6 30. Qh4 (30. Re1 {is more complex.} Qc5 31. Bc2 Ng4 32. Qh4) 30... Qb6 31. Ba2 $1 Rf7 32. Re1 Kg7 33. Re3 Ra8 34. Qd4 (34. b4 $11) 34... Qxd4 $15 35. Rxd4 Kf8 36. Rf3 Re8 37. Rdf4 Kg7 38. Kf1 Re6 39. Rb4 Rfe7 40. Kg2 (40. Rfb3 $1 $15) 40... Re2 $17 41. Bb1 Rd2 (41... c5 $17 42. Rb5 c4) 42. Rd3 $15 Rxd3 $1 43. Bxd3 Kf7 44. f3 Ke6 45. Kf2 Kd6 46. h4 b5 47. g4 Nd7 48. f4 Kc5 49. Rb3 d4 50. Bc2 (50. h5 $15 gxh5 51. g5) 50... Kd5 $17 51. f5 gxf5 $1 52. Bxf5 Ne5 53. Kg3 (53. h5 $17 {keeps fighting.}) 53... Nc4 $1 $19 54. g5 Nd6 $2 (54... Nd2 $1 $19 55. Rd3 Nf1+ 56. Kf4 Rf7 (56... Ne3 $2 57. h5 $19)) 55. Bc2 $1 $15 c5 56. g6 (56. Rf3 $15) 56... hxg6 (56... Ne4+ $19 57. Kg2 (57. Bxe4+ $2 Kxe4 58. Rxb5 hxg6 $17) 57... hxg6) 57. Bxg6 $17 c4 58. Rf3 Ne4+ $1 59. Kf4 d3 60. Rf1 (60. Re3 $2 d2 61. Rxe4 d1=Q $19) 60... Kd4 ({Black should try} 60... Nf6 $1 $17 {Hoping for ...Re2.} 61. h5 Re2) 61. h5 $2 (61. Re1 $11 d2 62. Rd1) 61... Re6 $19 62. Re1 d2 $2 ({Better is} 62... Rf6+ $19 63. Kg4 d2) 63. Rd1 $11 Rf6+ 64. Bf5 Kd3 65. Ke5 $2 (65. Rg1 $11 Kc2 66. Kxe4) 65... Rxf5+ $1 $19 66. Kxf5 Ng3+ $1 67. Ke5 Nxh5 68. Kd5 {[%emt 0:00:28] [#]} Nf6+ $1 69. Kc5 {[%emt 0:01:05] [#]} Ne4+ $1 ({Not} 69... Kc2 70. Rxd2+ Kxd2 71. Kxb5 $11) 70. Kb4 Kc2 ({Stronger than} 70... Nf2 71. Rxd2+ Kxd2 72. Kxb5 $11) 71. Rg1 Kxb2 72. a4 c3 73. a5 c2 0-1

[Event "4NCL 2023-2024"]
[Site "Daventry"]
[Date "2024.05.06"]
[Round "11.22"]
[White "Slaby, Jerzy"]
[Black "Eggleston, David J"]
[Result "1/2-1/2"]
[ECO "A07"]
[WhiteElo "2465"]
[BlackElo "2334"]
[Annotator "RC"]
[PlyCount "124"]
[EventDate "2023.11.11"]
[EventType "team-tourn"]
[EventCountry "ENG"]
[SourceTitle "playchess.com"]
[Source "ChessBase"]
[SourceQuality "1"]
[TimeControl "40/6000+30:3000+30"]

1. Nf3 Nf6 2. g3 d5 3. Bg2 e6 4. O-O Be7 5. d3 O-O 6. Nbd2 Nc6 7. e4 dxe4 8. dxe4 e5 9. c3 a5 10. Qc2 Bc5 11. Nc4 Re8 12. Ne3 h6 13. Rd1 Qe7 14. Nh4 Qf8 15. h3 Rd8 16. Nd5 Nxd5 17. exd5 Ne7 18. b4 axb4 19. cxb4 Bd4 20. Bb2 Nxd5 21. a3 c6 22. Bxd4 exd4 23. Rxd4 Be6 24. Qb2 Nb6 25. Rxd8 Qxd8 26. b5 Nc4 27. Qc3 cxb5 28. Bxb7 Ra7 29. Be4 Qd6 30. Qe1 Rxa3 31. Rd1 Qb6 32. Kg2 Ra2 33. Rd3 Nd6 34. Bf3 Kh8 35. Rc3 Qd4 36. Re3 Qf6 37. Bg4 Ra1 38. Qb4 Ra2 39. Nf3 Bc4 40. Qc5 g6 41. h4 Rc2 42. Qa7 h5 43. Bd7 Kg7 44. g4 hxg4 45. Bxg4 Bd5 46. Rd3 Be4 47. Re3 Qf4 48. Bd7 Qf6 49. Bg4 b4 50. Kg3 Rc3 51. Ng5 Rxe3+ 52. fxe3 Qe5+ 53. Kh3 Qb2 54. Ne6+ Kh6 55. Nf4 Qc3 56. Ne2 Qf6 57. Ng3 Bd3 58. e4 Nxe4 59. Qe3+ Kg7 60. Nxe4 Bxe4 61. Qxe4 b3 62. Be2 Qf5+ 1/2-1/2

[Event "4NCL 2023-2024"]
[Site "Daventry"]
[Date "2024.05.06"]
[Round "11.23"]
[White "Arkell, Keith C"]
[Black "Garcia Martin, Marta"]
[Result "1/2-1/2"]
[ECO "D13"]
[WhiteElo "2377"]
[BlackElo "2342"]
[Annotator "TA"]
[PlyCount "21"]
[EventDate "2023.11.11"]
[EventType "team-tourn"]
[EventCountry "ENG"]
[SourceTitle "playchess.com"]
[Source "ChessBase"]
[SourceQuality "1"]
[TimeControl "40/6000+30:3000+30"]

1. d4 d5 2. c4 c6 3. cxd5 cxd5 4. Nf3 Nf6 5. Nc3 Nc6 6. Bf4 a6 7. e3 e6 8. Be2 Bd6 9. Bxd6 Qxd6 10. O-O O-O 11. Rc1 {[%emt 0:00:04] Not much happened in this game.   OK:         	White=2     	---} 1/2-1/2

[Event "4NCL 2023-2024"]
[Site "Daventry"]
[Date "2024.05.06"]
[Round "11.24"]
[White "Rendle, Thomas E"]
[Black "Steil-Antoni, Fiona"]
[Result "1-0"]
[ECO "D22"]
[WhiteElo "2380"]
[BlackElo "2106"]
[Annotator "TA"]
[PlyCount "77"]
[EventDate "2023.11.11"]
[EventType "team-tourn"]
[EventCountry "ENG"]
[SourceTitle "playchess.com"]
[Source "ChessBase"]
[SourceQuality "1"]
[TimeControl "40/6000+30:3000+30"]

1. d4 d5 2. c4 dxc4 3. Nf3 Nf6 4. e3 Bg4 5. Bxc4 e6 6. h3 Bh5 7. Nc3 a6 8. O-O b5 9. Be2 c5 10. dxc5 {[%emt 0:05:27] Hoping for Qxd8+. White is better.} Qxd1 11. Rxd1 Bxc5 12. g4 Bg6 13. Ne5 Nfd7 14. Nxg6 hxg6 15. Bf3 Ra7 16. Bg2 f5 17. a4 b4 18. Ne2 Ne5 19. gxf5 gxf5 20. b3 Kf7 21. Bb2 Ng6 22. Rac1 Be7 23. Rc4 a5 24. Nd4 {[%emt 0:02:38][%cal Od4e6] [#] Nxe6! would now be deadly. White has more active pieces.} Rd7 25. Rdc1 Rhd8 26. Rc8 Bd6 (26... Nh4 $1 $14) 27. f4 ({White should try} 27. Nf3 $16) 27... Rxc8 $1 $14 28. Rxc8 {[%emt 0:00:08] [#] And now Nb5 would win.} Ne7 29. Rh8 {[%emt 0:02:20] Black must now prevent Nf3.} Ng6 $1 30. Rc8 $36 {[%emt 0:00:08][%mdl 2048] aiming for Nb5. Black is under pressure.} Ne7 31. Rc4 Na6 32. Nb5 $1 Bc5 {[%emt 0:00:34] Wards off Rd4} 33. Bd4 Bxd4 34. exd4 Nd5 $2 (34... Rd8 $11) 35. Bxd5 $18 Rxd5 36. Rc8 {[%emt 0:00:54] Prevents Rd8} g5 (36... Rd7 {might work better.} 37. Ra8 Nc7) 37. Ra8 {[%emt 0:01:46] White is clearly winning.} Nc5 38. dxc5 Rxc5 39. fxg5 {[%emt 0:04:41] Weighted Error Value: White=0.13 (very precise) /Black=0.40.  Loses game:     	---       	Black=1      Mistake:       	White=1     	Black=2      Inaccurate:     	White=3     	Black=3      OK:         	White=14    	Black=10     Best:        	White=2     	Black=4      Strong:       	White=1     	Black=2} 1-0

[Event "4NCL 2023-2024"]
[Site "Daventry"]
[Date "2024.05.06"]
[Round "11.25"]
[White "Pein, Malcolm"]
[Black "Chow, Samuel"]
[Result "1-0"]
[ECO "A34"]
[WhiteElo "2272"]
[BlackElo "2355"]
[Annotator "TA"]
[PlyCount "87"]
[EventDate "2023.11.11"]
[EventType "team-tourn"]
[EventCountry "ENG"]
[SourceTitle "playchess.com"]
[Source "ChessBase"]
[SourceQuality "1"]
[TimeControl "40/6000+30:3000+30"]

1. Nf3 Nf6 2. c4 c5 3. g3 Nc6 4. Bg2 d5 5. cxd5 Nxd5 6. Nc3 Nc7 7. b3 e5 8. Bb2 f6 9. O-O Be7 10. d3 Be6 11. Rc1 O-O 12. e3 Qe8 13. Qe2 Rd8 14. Ne4 {[%emt 0:15:44] The position is equal.} Nb4 (14... b6 $15) 15. d4 exd4 16. exd4 Nxa2 17. Ra1 Bxb3 18. Rfe1 c4 19. Nfd2 Bb4 ({Better is} 19... Qf7 $15 20. Nxb3 cxb3) 20. Nxb3 $11 cxb3 21. Red1 (21. Qc4+ $11 Qf7 22. Qxf7+ Rxf7 23. Re3) 21... Qf7 $1 $15 22. Qf3 $1 (22. d5 Nxd5 23. Qd3 Be7 24. Qxb3 Ndb4) 22... a5 23. Nc5 {[%emt 0:03:22] Dodges a4} Bxc5 ({Black should try} 23... Nd5 $15) 24. dxc5 $11 Na6 25. c6 bxc6 26. Qxc6 N6b4 27. Qb6 Nd3 28. Qxa5 Qc4 29. Bf1 {[%emt 0:05:03][%mdl 1024] [#] Hoping for Ba3. White has compensation. A strong pair of Bishops.} Rd5 $2 {[%emt 0:01:20] This move loses the game for Black.} (29... Qb4 $11 {and Black is okay.} 30. Qxb4 Naxb4) 30. Qb6 $18 Re8 {[%emt 0:02:11] Against Qe6+} (30... Kh8 {keeps fighting.}) 31. Rd2 (31. Re1 $142 Rf8 32. Ba3) 31... Nab4 {[%emt 0:02:59] [#]} 32. Rad1 $1 $40 {[%emt 0:01:36][%mdl 128] Black is in trouble.} Nxb2 $2 (32... h5 33. Ba3 Rd4 34. Bxb4 Qxb4 35. Qxb4 Rxb4) 33. Bxc4 {[%emt 0:01:49] White is clearly winning.} Nxc4 34. Qxb4 Nxd2 35. Rxd2 Rxd2 36. Qxd2 {[%emt 0:00:02][%mdl 4096] Endgame. KQ-KR} Rb8 {[%emt 0:00:33] ...b2 would now be deadly.} 37. Qd5+ Kh8 {[%emt 0:00:09] aiming for ...b2.} 38. Qd6 Re8 39. Qb6 h6 40. Qxb3 Kh7 41. Qd3+ Kg8 42. Qd5+ Kf8 43. Kg2 g6 44. Qd7 {[%emt 0:00:00] Weighted Error Value: White=0.24 (precise) /Black=0.54.  Loses game:     	---       	Black=1      Mistake:       	White=2     	Black=5      Inaccurate:     	White=3     	Black=1      OK:         	White=6     	Black=8      Best:        	White=2     	Black=1      Strong:       	White=2     	Black=1} 1-0

[Event "4NCL 2023-2024"]
[Site "Daventry"]
[Date "2024.05.06"]
[Round "11.26"]
[White "Li, Harry"]
[Black "Pein, Jonathan"]
[Result "1-0"]
[ECO "B75"]
[WhiteElo "2138"]
[BlackElo "2272"]
[Annotator "RC"]
[PlyCount "69"]
[EventDate "2023.11.11"]
[EventType "team-tourn"]
[EventCountry "ENG"]
[SourceTitle "playchess.com"]
[Source "ChessBase"]
[SourceQuality "1"]
[TimeControl "40/6000+30:3000+30"]

1. e4 c5 2. Nf3 d6 3. d4 cxd4 4. Nxd4 Nf6 5. Nc3 g6 6. Be3 Nc6 7. f3 h5 8. Bc4 Bd7 9. Qd2 Bg7 10. O-O-O Na5 11. Bb3 Rb8 12. h3 h4 13. Qd3 Rh5 14. Nde2 Nxb3+ 15. cxb3 a5 16. Kb1 Kf8 17. g4 hxg3 18. h4 g2 19. Rh2 b5 20. Nf4 Rh7 21. Rxg2 Rxh4 22. Rxg6 b4 23. Ncd5 Nxd5 24. Qxd5 Be5 25. Rdg1 Rh8 26. R6g2 Rb5 27. Qd2 Bxf4 28. Bxf4 f6 29. Bh6+ Kf7 30. Rg7+ Ke6 31. Qf4 d5 32. exd5+ Rxd5 33. Re1+ Re5 34. Qc4+ Kd6 35. Rd1+ 1-0

[Event "4NCL 2023-2024"]
[Site "Daventry"]
[Date "2024.05.06"]
[Round "11.27"]
[White "Hoffmann, Hendrik"]
[Black "Townsend, M Paul"]
[Result "1-0"]
[ECO "C15"]
[WhiteElo "2231"]
[BlackElo "2153"]
[Annotator "RC"]
[PlyCount "75"]
[EventDate "2023.11.11"]
[EventType "team-tourn"]
[EventCountry "ENG"]
[SourceTitle "playchess.com"]
[Source "ChessBase"]
[SourceQuality "1"]
[TimeControl "40/6000+30:3000+30"]

1. e4 e6 2. d4 d5 3. Nc3 Bb4 4. exd5 Qxd5 5. Nf3 Bd7 6. Bd3 Bb5 7. O-O Bxc3 8. bxc3 Nf6 9. Ba3 Nc6 10. Re1 O-O-O 11. Rb1 Bxd3 12. cxd3 Qa5 13. Qb3 b6 14. Bc1 Rd5 15. Be3 Qa6 16. Qc2 Ra5 17. Rb2 e5 18. Bg5 Re8 19. Bxf6 gxf6 20. c4 Re7 21. d5 Nb8 22. g3 Nd7 23. Nd4 Ra3 24. Nb5 Ra4 25. Qe2 Qa5 26. Rc1 Re8 27. c5 bxc5 28. d4 c4 29. d6 c6 30. Rxc4 Rxc4 31. Qxc4 Qb6 32. Qxc6+ Qxc6 33. Nxa7+ Kd8 34. Nxc6+ Kc8 35. Ne7+ Kd8 36. Rc2 Nb6 37. dxe5 fxe5 38. Rc7 1-0

[Event "4NCL 2023-2024"]
[Site "Daventry"]
[Date "2024.05.06"]
[Round "11.28"]
[White "Carroll, Thomas"]
[Black "Horton, Jamie A"]
[Result "1/2-1/2"]
[ECO "D03"]
[WhiteElo "2091"]
[BlackElo "2183"]
[Annotator "RC"]
[PlyCount "42"]
[EventDate "2023.11.11"]
[EventType "team-tourn"]
[EventCountry "ENG"]
[SourceTitle "playchess.com"]
[Source "ChessBase"]
[SourceQuality "1"]
[TimeControl "40/6000+30:3000+30"]

1. d4 d5 2. Nf3 e6 3. Bg5 Nf6 4. e3 h6 5. Bh4 g5 6. Bg3 Ne4 7. Ne5 Nxg3 8. hxg3 Nd7 9. f4 Nxe5 10. fxe5 Qe7 11. Bd3 Bd7 12. Nd2 O-O-O 13. Qe2 Bg7 14. Nb3 f6 15. exf6 Bxf6 16. O-O-O e5 17. Nc5 Kb8 18. Rhf1 Rhf8 19. Nxd7+ Qxd7 20. Bf5 Qa4 21. Kb1 Bg7 1/2-1/2

[Event "4NCL 2023-2024"]
[Site "Daventry"]
[Date "2024.05.06"]
[Round "11.29"]
[White "Gallana, Marco"]
[Black "Arnott, Jonathan W"]
[Result "1-0"]
[ECO "A22"]
[WhiteElo "2260"]
[BlackElo "2113"]
[Annotator "TA"]
[PlyCount "95"]
[EventDate "2023.11.11"]
[EventType "team-tourn"]
[EventCountry "ENG"]
[SourceTitle "playchess.com"]
[Source "ChessBase"]
[SourceQuality "1"]
[TimeControl "40/6000+30:3000+30"]

1. c4 e5 2. Nc3 Nf6 3. Nf3 e4 4. Ng5 c6 5. Qa4 Qe7 6. Qc2 {[%emt 0:07:24][%cal Rg5e4] White is much more active.} b5 7. cxb5 (7. Ngxe4 bxc4 8. Nxf6+ Qxf6 $11) (7. Ncxe4 Nxe4 8. Nxe4 bxc4 $11) ({White should try} 7. e3 $1 $16) 7... d5 $11 {[%emt 0:00:11] ...h6 is the strong threat.} 8. d3 {[%emt 0:00:41][%cal Rd3e4] White is slightly better.} h6 9. Nh3 Bf5 (9... exd3 $11 10. Qxd3 a6) 10. d4 (10. e3 $14) 10... Qd7 11. e3 a6 12. Na4 Bxh3 (12... cxb5 13. Nb6 Qb7 (13... Bb4+ $2 14. Bd2 $18) 14. Nxa8 $14) (12... Qb7 $1 $11) 13. gxh3 $16 Qb7 {[%emt 0:07:12] Against Nb6} (13... axb5 14. Nb6 Qa7 (14... Bb4+ $2 15. Bd2 $18) 15. Nxa8 $16) 14. b6 (14. bxc6 $16 Nxc6 15. Bd2) 14... Nbd7 $14 15. Bd2 Nxb6 16. Rc1 {[%emt 0:00:23] Threatens to win with Nxb6.} Nxa4 17. Qxa4 Kd7 18. h4 {[%emt 0:07:26] And now Bh3+ would win.} Bd6 19. Rg1 g6 20. b3 (20. Bh3+ $5 Ke7 21. Rxc6 $14) 20... Bxh2 $2 {[%emt 0:06:28][%mdl 8192] [#] White stays focused until the end.} (20... h5 $11) 21. Bh3+ $1 $18 Ke7 22. Bb4+ (22. Qxc6 Rhb8 (22... Qxc6 23. Rxc6 a5 24. Rh1 $11) 23. Qxb7+ Rxb7 $11) 22... Kd8 23. Ba5+ {[%emt 0:03:47] A strong pair of Bishops.} (23. Qxc6 Qxb4+ 24. Kd1 Ke7 $19) 23... Ke7 24. Bb4+ (24. Qxc6 Rhb8 $16 (24... Qxc6 25. Rxc6 Rhb8 26. Rf1 $16)) 24... Kd8 $1 (24... Bd6 $2 25. Bxd6+ (25. Qxc6 $2 Qxb4+ 26. Kf1 Qb5+ 27. Qxb5 axb5 $19) 25... Kxd6 26. Qa3+ Kc7 27. Qe7+ Kb6 28. Qxf6 $18) 25. Ba5+ (25. Qxc6 Qxb4+ 26. Kd1 Ke7 $19) 25... Ke7 $1 {[%emt 0:00:06] [#]} 26. Rxc6 $1 Ne8 (26... Kf8 27. Rg2) 27. Rb6 Qc7 28. Re6+ fxe6 29. Bxc7 (29. Rxg6 $2 {perishes.} Qc1+ 30. Ke2 Qc8 31. Bxe6 Qc2+ 32. Ke1 Qb1+ 33. Kd2 Qd3+ (33... Nf6 34. Bb4+ Bd6 35. Bxd6+ Kxe6 36. Qc6 $11) 34. Ke1 Qb5 35. Bb4+ Bd6 36. Bxd6+ Nxd6 $19) 29... Nxc7 30. Rxg6 Rag8 {[%emt 0:00:38] Dodges Rg7+} 31. Rxg8 Rxg8 32. Qb4+ Bd6 33. Qb7 Rg1+ 34. Bf1 Rh1 35. b4 Kf6 36. a4 {[%emt 0:00:00] Wards off Nb5} Rxh4 37. b5 axb5 38. axb5 Bb4+ 39. Ke2 Nxb5 40. Qxb5 Bd6 41. Qe8 Rh2 42. Qd8+ Be7 43. Qc7 Rh5 44. Qf4+ {[%emt 0:00:00] White mates.} Kg6 45. Qg4+ Rg5 46. Qxe6+ Bf6 47. Qe8+ Kg7 48. Bh3 {[%emt 0:00:00] Weighted Error Value: White=0.49/Black=0.55.  Loses game:     	---       	Black=1      Mistake:       	White=3     	Black=2      Inaccurate:     	White=3     	Black=4      OK:         	White=9     	Black=10     Best:        	White=3     	Black=4      Strong:       	White=2     	Black=1} 1-0

[Event "4NCL 2023-2024"]
[Site "Daventry"]
[Date "2024.05.06"]
[Round "11.30"]
[White "Chan, Sheng Liang Bernard"]
[Black "Maciol, Ryszard"]
[Result "0-1"]
[ECO "E24"]
[WhiteElo "2096"]
[BlackElo "2127"]
[Annotator "NA RC"]
[PlyCount "122"]
[EventDate "2023.11.11"]
[EventType "team-tourn"]
[EventCountry "ENG"]
[SourceTitle "playchess.com"]
[Source "ChessBase"]
[SourceQuality "1"]
[TimeControl "40/6000+30:3000+30"]

1. d4 Nf6 2. c4 e6 3. Nc3 Bb4 4. a3 Bxc3+ 5. bxc3 c5 6. f3 Nc6 7. e3 {[%emt 0:03:07] E24: Nimzo-Indian: Sämisch: Unusual Black 5th moves and 5...c5 sidelines.} b6 8. Bd3 Ba6 9. Qe2 Qc7 10. Bb2 Na5 11. d5 exd5 12. cxd5 Bxd3 13. Qxd3 c4 14. Qf5 O-O 15. Rd1 Rfe8 16. e4 Re5 17. Qh3 Rae8 18. Kf1 Nb3 19. Ne2 $19 Nxe4 20. fxe4 Rxe4 21. Qg3 Qd8 22. Ng1 h5 23. Bc1 Qf6+ 24. Qf2 Qg6 25. h4 Nc5 26. Nf3 Re2 27. Qxe2 Rxe2 28. Kxe2 Qxg2+ 29. Ke3 Qc2 30. Rhf1 Qe4+ 31. Kf2 Nd3+ 32. Kg1 Qxd5 33. Be3 f6 34. Nd4 Qe4 35. Rf3 Qg4+ 36. Kf1 Ne5 37. Ke2 Nxf3 38. Nxf3 Qg2+ 39. Bf2 Qh3 40. Rg1 Kf7 41. Rd1 Qf5 42. Be1 d5 43. Rd4 Ke7 44. Bd2 Kd6 45. Bf4+ Kd7 46. Bd2 Kc7 47. Ne1 Kb7 48. Ng2 g5 49. Ne3 Qe5 50. Kd1 Qh2 51. Nxd5 gxh4 52. Bf4 Qg1+ 53. Kc2 h3 54. Rd2 Qc5 55. Bh2 Qxa3 56. Kd1 Qa1+ 57. Kc2 a5 58. Bf4 Qa2+ 59. Kc1 Qa3+ 60. Kb1 Qc5 61. Be3 h2 0-1

[Event "4NCL 2023-2024"]
[Site "Daventry"]
[Date "2024.05.06"]
[Round "11.31"]
[White "Franco, Gaston"]
[Black "Walton, Alan J"]
[Result "1-0"]
[ECO "D35"]
[WhiteElo "2061"]
[BlackElo "2035"]
[Annotator "NA RC"]
[PlyCount "69"]
[EventDate "2023.11.11"]
[EventType "team-tourn"]
[EventCountry "ENG"]
[SourceTitle "playchess.com"]
[Source "ChessBase"]
[SourceQuality "1"]
[TimeControl "40/6000+30:3000+30"]

1. d4 d5 2. c4 e6 3. Nc3 Nf6 4. Bg5 Be7 5. e3 c6 6. Nf3 Nbd7 7. Qc2 b6 8. Rd1 Bb7 9. cxd5 exd5 10. Bd3 h6 11. Bh4 O-O 12. O-O Re8 13. Bf5 Nf8 $11 14. Ne5 N6d7 15. Bg3 Nxe5 16. dxe5 Bh4 17. f4 Bxg3 18. hxg3 Qe7 19. e4 Red8 20. exd5 cxd5 21. Rfe1 Ne6 22. Bxe6 fxe6 23. Rd4 Rac8 24. Red1 Rf8 25. Qg6 Bc6 26. Kh2 Rf5 27. Nxd5 Qf7 28. Nf6+ Rxf6 29. Rd8+ Be8 30. Qxf7+ Rxf7 31. Rxc8 Re7 32. Rdc1 Kf8 33. R1c7 Rxc7 34. Rxc7 a5 35. Kg1 1-0

[Event "4NCL 2023-2024"]
[Site "Daventry"]
[Date "2024.05.06"]
[Round "11.32"]
[White "Flint, Martina"]
[Black "Duessler, Stefanie"]
[Result "0-1"]
[ECO "A03"]
[WhiteElo "1888"]
[BlackElo "2079"]
[Annotator "NA RC"]
[PlyCount "104"]
[EventDate "2023.11.11"]
[EventType "team-tourn"]
[EventCountry "ENG"]
[SourceTitle "playchess.com"]
[Source "ChessBase"]
[SourceQuality "1"]
[TimeControl "40/6000+30:3000+30"]

1. f4 d5 2. Nf3 g6 3. e3 Nf6 4. b3 Bg7 5. Bb2 O-O 6. Be2 c5 7. O-O Nc6 8. Nc3 d4 9. exd4 cxd4 10. Nb5 Ne8 11. Bd3 a6 12. Na3 Nb4 13. Qe2 Nxd3 14. cxd3 Nc7 15. Nc2 Ne6 16. Nfe1 b6 17. Rc1 Ra7 18. Ba3 Rc7 19. h3 a5 20. Kh2 b5 21. f5 gxf5 22. Rxf5 b4 23. Bb2 Qd6+ 24. g3 Nc5 25. Rh5 e5 26. Ng2 Nd7 27. Nce1 Rxc1 28. Bxc1 f5 29. Nh4 Nb6 30. Nef3 h6 31. Bb2 Nd5 32. Ng2 Ne7 33. Kg1 Nc6 34. Nfh4 Bd7 35. Qf3 Qe6 36. Bc1 Ne7 37. Bb2 Bc6 38. Qe2 Be8 39. Nf4 Qd6 40. Nfg2 Bxh5 41. Qxh5 Qc6 42. Ne1 Rf7 43. Qe2 Ng6 44. Nhf3 Qd5 45. Nc2 Rc7 46. Nfe1 e4 47. dxe4 fxe4 48. Qg4 Ne5 49. Qd1 Nd3 50. Nxd3 exd3 51. Ne1 Qe4 52. Qb1 Rf7 0-1